 Dungeon Crawl Stone Soup version 0.23.2-1-ga50397a (webtiles) character file.

Game seed: 12245568901586557064

38 Leeroy the Conjurer (level 3, -6/28 HPs)
             Began as a Draconian Conjurer on Apr 14, 2019.
             Killed by nerve-wracking pain
             ... invoked by a shadow imp
              (13 damage)
             ... on level 2 of the Dungeon.
             The game lasted 00:02:19 (910 turns).

Leeroy the Conjurer (Draconian Conjurer)             Turns: 910, Time: 00:02:19

Health: -6/28      AC:  5    Str: 10    XL:     3   Next: 25%
Magic:  6/6        EV: 12    Int: 16    God:
Gold:   48         SH:  0    Dex: 11    Spells: 3/6 levels left

rFire    . . .     SeeInvis .   k - +0 short sword
rCold    . . .     Gourm    .   (no shield)
rNeg     . . .     Faith    .   (armour unavailable)
rPois    .         Spirit   .   (helmet restricted)
rElec    .         Reflect  .   (no cloak)
rCorr    .         Harm     .   (no gloves)
MR       .....                  (no boots)
Stlth    ++........             (no amulet)
HPRegen  0.09/turn              (no ring)
MPRegen  0.10/turn              (no ring)

@: no status effects
A: unfitting armour, cold-blooded, AC +5
a: no special abilities


You were on level 2 of the Dungeon.
You were not hungry.

You visited 1 branch of the dungeon, and saw 2 of its levels.

You collected 48 gold pieces.

Inventory:

Hand Weapons
 d - a +0 dagger
 k - a +0 short sword (weapon)
Missiles
 f - 3 needles of frenzy
 l - 66 stones (quivered)
 p - 15 poisoned needles
Jewellery
 e - an uncursed ring of positive energy {unknown}
 q - a cursed +3 amulet of reflection {unknown}
Scrolls
 a - a scroll of immolation {unknown}
 g - 2 scrolls of teleportation {unknown}
 i - a scroll of fog {unknown}
 j - a scroll of magic mapping {unknown}
 m - a scroll of blinking {unknown}
 r - a scroll of identify {unknown}
 s - a scroll of random uselessness {unknown}
Potions
 h - a potion of haste {unknown}
 n - a potion of degeneration {unknown}
 o - a potion of mutation {unknown}
Comestibles
 b - 2 rations
 c - 9 chunks of flesh


   Skills:
 + Level 1.1 Fighting
 - Level 1.7 Dodging
 - Level 1.7 Stealth
 - Level 2.0 Spellcasting
 - Level 5.0 Conjurations


You had 3 spell levels left.
You knew the following spells:

 Your Spells              Type           Power        Failure   Level  Hunger
a - Magic Dart            Conj           ###.         2%          1    #......
b - Searing Ray           Conj           ###...       4%          2    ###....

Your spell library contained the following spells:

 Spells                   Type           Power        Failure   Level  Hunger
 Dazzling Spray           Conj/Hex       #.....       22%         3    ###....
 Iskenderun's Mystic Bla  Conj           ###.....     26%         4    #####..
 Force Lance              Conj/Tloc      #.......     58%         4    #####..
 Fulminant Prism          Conj/Hex       #.........   58%         4    #####..


Dungeon Overview and Level Annotations

Branches:
Dungeon (2/15)

Altars:


Innate Abilities, Weirdness & Mutations

Your plain brown scales are hard. (AC +5)
You cannot fit into any form of body armour.
You are cold-blooded and may be slowed by cold attacks.


Message History

The adder barely misses you. The shadow imp hits you.
The frilled lizard completely misses you.
The adder bites you.
You hit the shadow imp but do no damage.
The shadow imp is lightly wounded.
The shadow imp hits you.
The frilled lizard bites you but does no damage.
The adder bites you.
You barely miss the shadow imp.
The shadow imp is lightly wounded.
The adder barely misses you. The shadow imp barely misses you.
The frilled lizard bites you. The adder barely misses you.
The shadow imp hits you.
* * * LOW HITPOINT WARNING * * *
You hit the shadow imp but do no damage.
The shadow imp is lightly wounded.
The frilled lizard closely misses you. The adder closely misses you.
The shadow imp gestures at you. Pain shoots through your body!
You die...

## .# ..# #.# #######
#..##.....# ##
##.##.....# ######...
##........# #........
.##....#########.l.8....
................@58.8...
.##....#####.###S8._.8..
.###...# #.# #s.8$8...
## #...# #.# #...8.$..
#.### #.# #........ #.#
#.# ####..... #.. #.#
##### ## #.#


You could see an adder, a shadow imp, a giant cockroach and a frilled lizard.

Vanquished Creatures
  A worm (D:2)
  A dart slug (D:2)
  A leopard gecko (D:1)
  3 bats (D:1)
  7 goblins (D:1)
  A hobgoblin (D:2)
  4 jackals (D:1)
  2 frilled lizards (D:2)
  4 kobolds
  5 rats
29 creatures vanquished.

Notes
Turn   | Place    | Note
-------+----------+-------------------------------------------
     0 | D:1      | Leeroy the Draconian Conjurer began the quest for the Orb.
     0 | D:1      | Reached XP level 1. HP: 14/14 MP: 3/3
   215 | D:1      | Reached XP level 2. HP: 20/20 MP: 3/5
   226 | D:1      | Learned a level 2 spell: Searing Ray
   702 | D:1      | Reached skill level 5 in Conjurations
   801 | D:2      | Reached XP level 3. HP: 23/26 MP: 4/6
   833 | D:2      | Reached skill level 1 in Fighting
   899 | D:2      | Found a faded altar of an unknown god.
   910 | D:2      | Killed from afar by a shadow imp

Skill      XL: |  1  2  3 |
---------------+----------+-----
Conjurations   | 5 |  5.0
Fighting       | 1 |  1.1
Dodging        | |  1.7
Stealth        | |  1.7
Spellcasting   | |  2.0

Action                   || total
-------------------------++-------
Melee: Dagger            ||    32
       Short sword       ||    36
       Tailslap          ||     4
 Cast: Magic Dart        ||    14
       Searing Ray       ||     2
Armor: Skin              ||    21
Dodge: Dodged            ||    47
